 Dungeon Crawl Stone Soup version 0.21.1-1-g345015f (webtiles) character file.

5246 Goblin1989 the Martial Artist (level 10, -6/67 (68) HPs)
             Began as a Demonspawn Transmuter on Mar 19, 2018.
             Was a Follower of Hepliaklqana.
             Mangled by a white ugly thing (31 damage)
             ... on level 9 of the Dungeon.
             The game lasted 00:32:55 (12624 turns).

Goblin1989 the Martial Artist (DsTm)               Turns: 12624, Time: 00:32:56

HP:   -6/67 (68)    AC:  8    Str: 14    XL:     10   Next: 36%
MP:   25/25         EV: 14    Int: 22    God:    Hepliaklqana [*.....]
Gold: 544           SH: 12    Dex: 22    Spells: 7/17 levels left

rFire    . . .     SeeInvis .     - Unarmed
rCold    . . .     Gourm    .   C - +3 buckler of Fammoh {MP+9 Dex+4 Stlth+}
rNeg     . . .     Faith    .   Z - +1 scale mail of Raickun {rPois Str+4 Int+4}
rPois    +         Spirit   .   X - +0 helmet
rElec    .         Reflect  +   (no cloak)
rCorr    .         Harm     .   (no gloves)
MR       .....                  (no boots)
Stlth    +++.......             h - +3 amulet of reflection
HPRegen  0.21/turn              l - ring of flight
MPRegen  0.19/turn              J - +1 ring of evasion

@: no status effects
A: reduced essence, claws 1, thin skeletal structure 2, powered by death 2
a: Recall Ancestor, Ancestor Identity, Renounce Religion, Evoke Flight


You were on level 9 of the Dungeon.
You worshipped Hepliaklqana.
Hepliaklqana was aware of your devotion.
You were not hungry.

You visited 2 branches of the dungeon, and saw 10 of its levels.

You collected 544 gold pieces.

Inventory:

Hand Weapons
 S - the cursed +2 short sword of Lezukib {elec, rPois Int+4}
   (You found it on level 5 of the Dungeon)

   Occasionally, upon striking a foe, it will discharge some electrical energy
   and cause terrible harm.
   It affects your intelligence (+4).
   It protects you from poison.
   It has a curse placed upon it.
 V - a +2 dire flail of crushing
Missiles
 a - 163 arrows
Armour
 b - a +0 robe
 m - a cursed +0 buckler
 n - a cursed +0 chain mail
 x - a +0 scale mail
 C - the +3 buckler of Fammoh (worn) {MP+9 Dex+4 Stlth+}
   (You found it on level 4 of the Dungeon)

   It affects your dexterity (+4).
   It affects your magic capacity (+9).
   It makes you more stealthy.
 F - the +3 plate armour of Dithmenos's Delight {Str+2 Int+3}
   (You found it on level 9 of the Dungeon)

   It affects your strength (+2).
   It affects your intelligence (+3).
 H - a +2 pair of gloves
 W - a +0 shield
 X - a +0 helmet (worn)
 Z - the +1 scale mail of Raickun (worn) {rPois Str+4 Int+4}
   (You found it on level 5 of the Dungeon)

   It affects your strength (+4).
   It affects your intelligence (+4).
   It protects you from poison.
Jewellery
 h - a +3 amulet of reflection (around neck)
 l - a ring of flight (left claw)
 J - a +1 ring of evasion (right claw)
 K - the amulet of Basesh {Spirit *Contam +Inv Str+4 Dex+6}
   (You found it on level 8 of the Dungeon)

   [amulet of guardian spirit]

   It causes incoming damage to be split between your health and magic.
   It affects your strength (+4).
   It affects your dexterity (+6).
   It lets you turn invisible.
   It causes magical contamination when unequipped.
Wands
 w - a wand of disintegration (6)
 y - a wand of random effects (14)
 A - a wand of scattershot (4)
 P - a wand of paralysis (9)
 Q - a wand of clouds (4)
Scrolls
 u - a scroll of fog
 v - 2 scrolls of enchant armour
 B - 2 scrolls of blinking
 E - a scroll of amnesia
 G - a scroll of remove curse {@r2}
 L - a scroll of enchant weapon
 M - 2 scrolls of magic mapping
 R - a scroll of identify {@r1}
 T - 4 scrolls of teleportation {!r, @r3}
Potions
 N - a potion of agility
 O - a potion of cancellation
 U - 4 potions of brilliance
 Y - a potion of curing {@q1}
Books
 c - a book of Changes

   Spells                             Type                      Level
   a - Beastly Appendage              Transmutation                1
   b - Sticks to Snakes               Transmutation                2
   c - Spider Form                    Transmutation/Poison         3
   d - Ice Form                       Ice/Transmutation            4
   e - Blade Hands                    Transmutation                5
 D - a Young Poisoner's Handbook

   Spells                             Type                      Level
   a - Sting                          Conjuration/Poison           1
   b - Poisonous Vapours              Poison/Air                   2
   c - Mephitic Cloud                 Conjuration/Poison/Air       3
   d - Olgreb's Toxic Radiance        Poison                       4
   e - Venom Bolt                     Conjuration/Poison           5
Comestibles
 e - 19 rations
 I - 9 chunks of flesh


   Skills:
 + Level 5.8 Fighting
 + Level 3.1 Armour
 + Level 5.5 Dodging
 - Level 4.1 Shields
 * Level 8.7 Unarmed Combat
 - Level 4.0 Spellcasting
 - Level 5.0 Transmutations
 - Level 3.0 Poison Magic


You had 7 spell levels left.
You knew the following spells:

 Your Spells              Type           Power        Failure   Level  Hunger
a - Beastly Appendage     Tmut           ####..       6%          1    None
b - Sticks to Snakes      Tmut           ####....     9%          2    #......
c - Spider Form           Tmut/Pois      ###.......   26%         3    ###....
d - Ice Form              Ice/Tmut       ###.....     85%         4    ####...


Dungeon Overview and Level Annotations

Branches:
Dungeon (9/15)             Temple (1/1) D:7             Orc (0/2) D:9
   Lair: D:8-11

Altars:
Ashenzari
Dithmenos
Elyvilon
Fedhas
Gozag
Hepliaklqana
Kikubaaqudgha
Makhleb
Nemelex Xobeh
Okawaru
Qazlal
Sif Muna
Trog
Uskayaw
Vehumet
Wu Jian
Yredelemnul
Zin
The Shining One

Annotations:
D:2 Sigmund
D:3 Natasha
D:4 chlorine's ghost, amateur MiHu
D:7 letownia2's ghost, novice MfWz


Innate Abilities, Weirdness & Mutations

You have sharp fingernails.
You have a moderately thin skeletal structure. (Dex +4, Stealth+)
You regenerate health from kills.
Your life essence is reduced to manifest your ancestor. (-10% HP)


Message History

No target in view!
No target in view!
No target in view!
No target in view!
No target in view!
No target in view!
Key pressed, stopping explore.
You butcher the iguana corpse.
I - 2 chunks of flesh
Things that are here:
a hand axe of electrocution; a ring mail
Things that are here:
a hand axe of electrocution; a ring mail; Health restored: 67
e - 19 rations (gained 1)
Things that are here:
a dagger; a robe You butcher the orc corpse.
I - 5 chunks of flesh (gained 3)
Things that are here:
a dagger; a robe
Things that are here:
a dagger; a robe
a - 163 arrows (gained 25)
You butcher the orc corpse.
I - 9 chunks of flesh (gained 4)
You see here a scale mail. x2
There is an open door here.
There is an open door here.
The orc misses you.
You closely miss the orc. The orc barely misses you.
You closely miss the orc.
Vusi hits the orc.
You claw the orc!
You kill the orc!
You see here a club.
You block the orc's attack.
The orc shouts!
You claw the orc!
You kill the orc!
You see here a dagger of holy wrath.
The orc misses you.
A white ugly thing comes into view.
The white ugly thing gurgles horribly!
You scratch the orc.
The orc is heavily wounded.
The orc misses you.
You scratch the orc but do no damage.
The orc is heavily wounded.
Vusi hits the orc.
The orc dies!
Things that are here:
a trident of venom; a leather armour
Found a staircase to the Orcish Mines.
You scratch the white ugly thing.
The white ugly thing is lightly wounded.
The white ugly thing barely misses you.
Vusi misses the white ugly thing.
You barely miss the white ugly thing.
The white ugly thing is lightly wounded.
The white ugly thing closely misses you.
Vusi misses the white ugly thing.
You scratch the white ugly thing but do no damage.
The white ugly thing is lightly wounded.
The white ugly thing stings you. The white ugly thing freezes you!!
Ouch! That really hurt!
* * * LOW HITPOINT WARNING * * *
You are too injured to fight recklessly!
You are too injured to fight recklessly!
You take 39 damage, and have 28/67 hp.
MASSIVE DAMAGE!!
You are too injured to fight recklessly!
You are too injured to fight recklessly!
You are too injured to fight recklessly!
You are too injured to fight recklessly!
You are too injured to fight recklessly!
You are too injured to fight recklessly!
You are too injured to fight recklessly!
You are too injured to fight recklessly!
You are too injured to fight recklessly!
You are too injured to fight recklessly!
You are too injured to fight recklessly!
You are too injured to fight recklessly!
You are too injured to fight recklessly!
You are too injured to fight recklessly!
You are too injured to fight recklessly!
You are too injured to fight recklessly!
You are too injured to fight recklessly!
You are too injured to fight recklessly!
You are too injured to fight recklessly!
You are too injured to fight recklessly!
You are too injured to fight recklessly!
Vusi hits the white ugly thing.
Things that are here:
a trident of venom; a leather armour You regained 3 hp, and now have 31/67 hp.
Vusi hits the white ugly thing but does no damage.
You regained 2 hp, and now have 33/67 hp.
Vusi hits the white ugly thing.
You see here a dagger of holy wrath.
The white ugly thing stings you!
* * * LOW HITPOINT WARNING * * *
The white ugly thing freezes you!!
You die...

.....∆...██∆█▓ ▓··▓·······∆··▓ █
██████..██8.8▓ ▓▓·∆·······▓█.████
█ █.████.████▓▓▓·······▓█....∆
████......██ ▓▓▓▓▓▓∆▓▓██████
██.......██ ▓·▓ █ ████.......█.█
▓·▓ ██ █......)....██ ▓·█
.█████..)).......█ ▓.█ [∆.█
█...██)████@█ ███.█
.█.█████)█..███u.█ █...▓ ███
.█.██....)....R.██████.████████..
.█.R█.........∆...[).........██.>
.██.∆.........████████.█████.██..
.████.........█ █.█ █..∆.. ██
█.........█ █.█ ████..
███∆███████ █.█ █.. █..█ ██.█ ███


You could see the friendly Vusi the ancestor and a white ugly thing.

Vanquished Creatures
  A two-headed ogre (D:8)
  A troll (D:9)
  A hungry ghost (D:8)
  Edmund (D:5)
  A water moccasin (D:9)
  5 orc warriors
  A sky beast (D:9)
  3 black bears
  A necrophage (D:9)
  7 ogres
  A centaur (D:9)
  A big kobold (D:8)
  5 bullfrogs
  2 gnoll sergeants (D:5)
  2 killer bees (D:8)
  2 howler monkeys (D:8)
  2 wights
  3 crimson imps
  2 bullfrog zombies (D:9)
  3 hounds
  2 bullfrog skeletons
  3 orc priests (D:9)
  6 jellies
  5 orc wizards
  Ijyb (D:5)
  Terence (D:3)
  2 iguanas
  2 worker ants
  A hound skeleton (D:4)
  A worker ant zombie (D:5)
  3 gnolls (D:2)
  6 adders
  12 oozes
  An adder zombie (D:6)
  An adder skeleton (D:6)
  A worm (D:4)
  3 dart slugs
  11 leopard geckos
  26 orcs
  2 giant cockroaches
  5 goblins
  6 hobgoblins
  19 jackals
  2 quokkas
  3 ball pythons
  8 bats
  5 frilled lizards
  19 kobolds
  A quokka zombie (D:5)
  7 rats
210 creatures vanquished.

Vanquished Creatures (collateral kills)
  A wyvern (D:9)
  2 water moccasins
  A necrophage (D:6)
  2 killer bees (D:8)
  An orc wizard (D:9)
  A shadow imp (D:8)
  5 orcs
  A jackal (D:8)
  A quokka skeleton (D:6)
15 creatures vanquished.

Vanquished Creatures (others)
  An ancestor (D:9)
  An orc (D:6)
  2 fungi (D:2)
  5 toadstools (D:2)
9 creatures vanquished.

Grand Total: 234 creatures vanquished

Notes
Turn   | Place    | Note
-------+----------+-------------------------------------------
     0 | D:1      | Goblin1989 the Demonspawn Transmuter began the quest for the Orb.
     0 | D:1      | Reached XP level 1. HP: 15/15 MP: 3/3
   101 | D:1      | Reached skill level 3 in Unarmed Combat
   387 | D:1      | Gained mutation: You have sharp fingernails. [demonic ancestry]
   387 | D:1      | Reached XP level 2. HP: 17/21 MP: 5/5
  1130 | D:2      | Gained mutation: You regenerate a little health from kills. [demonic ancestry]
  1130 | D:2      | Reached XP level 3. HP: 26/26 MP: 6/6
  1189 | D:2      | Noticed Sigmund
  1204 | D:2      | Reached skill level 4 in Unarmed Combat
  1216 | D:1      | Learned a level 2 spell: Sticks to Snakes
  1287 | D:2      | Learned a level 3 spell: Spider Form
  1681 | D:3      | Noticed Natasha
  1695 | D:3      | Noticed Terence
  2050 | D:2      | Gained mutation: You regenerate health from kills. [demonic ancestry]
  2050 | D:2      | Reached XP level 4. HP: 23/32 MP: 7/7
  2310 | D:2      | Reached skill level 1 in Poison Magic
  2478 | D:2      | Reached XP level 5. HP: 35/37 MP: 8/8
  2962 | D:3      | Killed Terence
  2962 | D:3      | Reached XP level 6. HP: 16/44 MP: 5/9
  3673 | D:4      | Noticed chlorine's ghost (amateur MiHu)
  3839 | D:4      | Got a bloodstained buckler
  3845 | D:4      | Identified the +3 buckler of Fammoh {MP+9 Dex+4 Stlth+} (You found it on level 4 of the Dungeon)
  4416 | D:5      | Entered Level 5 of the Dungeon
  4688 | D:5      | Noticed an orc warrior
  4688 | D:5      | Noticed an orc warrior
  6262 | D:5      | Reached skill level 5 in Unarmed Combat
  6454 | D:6      | Noticed an orc warrior
  6472 | D:5      | Gained mutation: You have a somewhat thin skeletal structure. (Dex +2, Stealth) [demonic ancestry]
  6472 | D:5      | Reached XP level 7. HP: 8/50 MP: 10/10
  6757 | D:6      | Reached skill level 1 in Shields
  7537 | D:6      | Reached XP level 8. HP: 39/56 MP: 9/12
  8303 | D:6      | Reached skill level 6 in Unarmed Combat
  8338 | D:6      | Found a bloodstained altar of Trog.
  8880 | D:5      | Reached skill level 5 in Transmutations
  9199 | D:5      | Got a transparent scale mail
  9216 | D:5      | Noticed Edmund
  9234 | D:5      | Killed Edmund
  9359 | D:5      | Got a bloodstained short sword
  9395 | D:5      | Gained mutation: You have a moderately thin skeletal structure. (Dex +4, Stealth+) [demonic ancestry]
  9395 | D:5      | Reached XP level 9. HP: 64/64 MP: 10/14
  9572 | D:5      | Found a sparkling altar of Nemelex Xobeh.
  9706 | D:5      | Noticed Ijyb
  9716 | D:5      | Killed Ijyb
  9835 | D:7      | Learned a level 4 spell: Ice Form
 10208 | D:7      | Found a staircase to the Ecumenical Temple.
 10219 | Temple   | Entered the Ecumenical Temple
 10230 | Temple   | Became a worshipper of Hepliaklqana the Forgotten
 10588 | D:7      | Noticed letownia2's ghost (novice MfWz)
 10841 | D:8      | Reached skill level 7 in Unarmed Combat
 11063 | D:8      | Identified the cursed +1 scale mail of Raickun {rPois Str+4 Int+4} (You found it on level 5 of the Dungeon)
 11403 | D:8      | Reached skill level 1 in Armour
 11406 | D:8      | Noticed a two-headed ogre
 11413 | D:8      | Killed a two-headed ogre
 11413 | D:8      | Reached skill level 5 in Fighting
 11520 | D:8      | Reached skill level 5 in Dodging
 11520 | D:8      | Reached skill level 8 in Unarmed Combat
 11611 | D:8      | Reached * piety under Hepliaklqana
 11706 | D:8      | Got a warped brass amulet
 11888 | D:9      | Reached XP level 10. HP: 61/65 MP: 16/16
 12403 | D:9      | Got a faintly humming plate armour
 12450 | D:9      | Identified the amulet of Basesh {Spirit *Contam +Inv Str+4 Dex+6} (You found it on level 8 of the Dungeon)
 12455 | D:9      | Identified the +3 plate armour of Dithmenos's Delight {Str+2 Int+3} (You found it on level 9 of the Dungeon)
 12456 | D:9      | Identified the cursed +2 short sword of Lezukib {elec, rPois Int+4} (You found it on level 5 of the Dungeon)
 12609 | D:9      | Noticed a white ugly thing
 12612 | D:9      | Found a staircase to the Orcish Mines.
 12624 | D:9      | Mangled by a white ugly thing

Skill      XL: |  1  2  3  4  5  6  7  8  9 10 |
---------------+-------------------------------+-----
Unarmed Combat | 3 4 5 6 8 |  8.7
Dodging        | 2 3 5 |  5.5
Transmutations | 2 3 5 |  5.0
Poison Magic   | 1 2 3 |  3.0
Fighting       | 2 3 5 |  5.8
Shields        | 1 2 4 |  4.1
Spellcasting   | 3 4 |  4.0
Armour         | 2 3 |  3.1

Action                   |  1- 3 |  4- 6 |  7- 9 | 10-12 || total
-------------------------+-------+-------+-------+-------++-------
Melee: Unarmed           |   142 |   450 |   353 |   132 ||  1077
       Punch             |     4 |     5 |     2 |       ||    11
       Headbutt          |     1 |       |       |       ||     1
 Cast: Beastly Appendage |     2 |       |     1 |       ||     3
       Sticks to Snakes  |     1 |     1 |    11 |       ||    13
       Spider Form       |       |     6 |    24 |     3 ||    33
Invok: Recall Ancestor   |       |       |     2 |       ||     2
Evoke: Wand              |       |     2 |       |       ||     2
  Use: Potion            |       |     8 |     3 |       ||    11
       Scroll            |       |       |     1 |    12 ||    13
 Stab: Sleeping          |     1 |     3 |     3 |     3 ||    10
       Invisible         |       |     3 |       |       ||     3
       Distracted        |       |       |     1 |     2 ||     3
  Eat: Chunk             |     4 |     8 |    19 |     3 ||    34
       Ration            |       |     2 |     1 |       ||     3
Armor: Robe              |    23 |    41 |    11 |       ||    75
       Skin              |       |    13 |     2 |     1 ||    16
       Scale mail        |       |       |    14 |    14 ||    28
Dodge: Dodged            |    78 |   230 |   243 |    78 ||   629
Block: Other             |     1 |    28 |    25 |     1 ||    55
       Reflection        |       |     1 |     4 |     1 ||     6
       Buckler           |       |    77 |    44 |    49 ||   170

Vault maps used:
D:1:      saegor_arrival_simple_c
D:2:      cheibrodos_fertilizer, grunt_temple_overflow_diamond, uniq_sigmund
D:3:      kennysheep_generic_room_10, uniq_terence, uniq_natasha
D:5:      basic_altar, first_ration, sword_in_stone, uniq_edmund, uniq_ijyb
D:6:      trog_ov_bears_minmay, serial_curves, eino_curves_03, eino_curves_04
D:7:      temple_hall, uniq_crazy_yiuf_cottage
D:9:      hiddenorc1_lemuel
Temple:   nicolae_temple_no_exploring_needed
